| TOP OF THE 1ST |
|
San Diego (APP) Padres batting - Pitching for Washington (APP) Nationals : RHP Ivano Galikov
|
|
Pitching: RHP Ivano Galikov
|
|
|
Batting: LHB Phil Lerner
|
0-0: Foul Ball, location: 2F 0-1: Foul Ball, location: 2F 0-2: Ball 1-2: Ball 2-2: Ball 3-2: Foul Ball, location: 2F 3-2: Base on Balls
|
|
Batting: RHB Ryan Tatum
|
0-0: Called Strike 0-1: Grounds into double play, 4-6-3 (Groundball, 4, EV 88.1 MPH)
|
|
Batting: LHB Carlos Cuellar
|
0-0: Ball 1-0: Ball 2-0: Ball 3-0: Base on Balls
|
|
Batting: RHB Tom Tate
|
0-0: Called Strike 0-1: Ball 1-1: Foul Ball, location: 2F 1-2: Ball 2-2: Strikes out looking
|
| Top of the 1st over - 0 runs, 0 hits, 0 errors, 1 left on base; San Diego (APP) 0 - Washington (APP) 0 |
| BOTTOM OF THE 1ST |
|
Washington (APP) Nationals batting - Pitching for San Diego (APP) Padres : RHP Nick Goodlow
|
|
Pitching: RHP Nick Goodlow
|
|
|
Batting: RHB John Savard
|
0-0: Ball 1-0: Called Strike 1-1: Ball 2-1: Called Strike 2-2: Fly out, F4 (Line Drive, 4, EV 70.0 MPH)
|
|
Batting: RHB Nick Moreno
|
0-0: Foul Ball, location: 2F 0-1: SINGLE (Groundball, P, EV 85.6 MPH) (infield hit)
|
|
Batting: LHB Nate Melendez
|
0-0: Ball Nick Moreno steals 2nd base 1-0: Ball 2-0: Swinging Strike 2-1: Called Strike 2-2: Strikes out swinging
|
|
Batting: RHB Jon Buscher
|
0-0: Ball 1-0: Ball 2-0: Fly out, F9 (Flyball, 9S, EV 89.4 MPH)
|
| Bottom of the 1st over - 0 runs, 1 hit, 0 errors, 1 left on base; San Diego (APP) 0 - Washington (APP) 0 |
| TOP OF THE 2ND |
|
San Diego (APP) Padres batting - Pitching for Washington (APP) Nationals : RHP Ivano Galikov
|
|
Batting: LHB Hugo MacBeth
|
0-0: Ball 1-0: Ball 2-0: Foul Ball, location: 2F 2-1: Ball 3-1: Base on Balls
|
|
Batting: RHB Antonio Lara
|
0-0: Ball 1-0: Ball 2-0: Ball 3-0: Called Strike 3-1: Called Strike 3-2: Foul Ball, location: 2F 3-2: Foul Ball, location: 2F 3-2: Foul Ball, location: 2F 3-2: Foul Ball, location: 2F 3-2: Strikes out swinging
|
|
Batting: RHB Aaron Joseph
|
0-0: DOUBLE (Line Drive, 78M, EV 111.9 MPH) Hugo MacBeth to third
|
|
Batting: RHB Max Stillo
|
0-0: Foul Ball, location: 2F 0-1: Ball 1-1: Ball 2-1: Foul Ball, location: 2F 2-2: Foul Ball, location: 2F 2-2: Foul Ball, location: 2F 2-2: Foul Ball, location: 2F 2-2: Ball 3-2: Base on Balls
|
|
Batting: RHB Brent Little
|
0-0: Called Strike 0-1: Ball Wild Pitch! Hugo MacBeth scores Aaron Joseph to third Max Stillo to second 1-1: Ball 2-1: Ball 3-1: Base on Balls
|
|
Batting: LHB Phil Lerner
|
0-0: Ball 1-0: Swinging Strike 1-1: Called Strike 1-2: DOUBLE (Groundball, 3L, EV 104.4 MPH) Aaron Joseph scores Max Stillo scores Brent Little to third
|
|
Batting: RHB Ryan Tatum
|
0-0: Called Strike 0-1: Foul Ball, location: 2F 0-2: SINGLE (Groundball, 56D, EV 94.4 MPH) Brent Little scores Phil Lerner to third Runner from 3rd tries for Home, SAFE, throw by LF to home
|
|
Pitching: RHP John Kovach
|
|
|
Batting: LHB Carlos Cuellar
|
0-0: Ball Ryan Tatum steals 2nd base 1-0: Ball 2-0: Ball 3-0: Base on Balls
|
|
Batting: RHB Tom Tate
|
0-0: DOUBLE (Line Drive, 7LS, EV 105.6 MPH) Ryan Tatum scores Carlos Cuellar to third
|
|
Batting: LHB Hugo MacBeth
|
0-0: Called Strike 0-1: Ball 1-1: Ball 2-1: Ground out 4-3 (Groundball, 4, EV 85.0 MPH) Carlos Cuellar scores Tom Tate to third
|
|
Batting: RHB Antonio Lara
|
0-0: Called Strike 0-1: Ball Wild Pitch! Tom Tate scores 1-1: Called Strike 1-2: Fly out, F9 (Flyball, 9S, EV 93.1 MPH)
|
| Top of the 2nd over - 8 runs, 4 hits, 0 errors, 0 left on base; San Diego (APP) 8 - Washington (APP) 0 |
| BOTTOM OF THE 2ND |
|
Washington (APP) Nationals batting - Pitching for San Diego (APP) Padres : RHP Nick Goodlow
|
|
Batting: RHB Kevin Whitenack
|
0-0: Ball 1-0: Foul Ball, location: 2F 1-1: Called Strike 1-2: Ball 2-2: SINGLE (Groundball, 56D, EV 101.2 MPH)
|
|
Batting: RHB Gregg Huddleston
|
0-0: Called Strike 0-1: Swinging Strike 0-2: Strikes out swinging
|
|
Batting: RHB Jesus Malave
|
0-0: Fly out, F8 (Flyball, 8RD, EV 99.4 MPH)
|
|
Batting: RHB Derek Moran
|
0-0: Called Strike 0-1: Ball 1-1: Ball 2-1: Ground out U3 (Groundball, 13, EV 86.2 MPH)
|
| Bottom of the 2nd over - 0 runs, 1 hit, 0 errors, 1 left on base; San Diego (APP) 8 - Washington (APP) 0 |
| TOP OF THE 3RD |
|
San Diego (APP) Padres batting - Pitching for Washington (APP) Nationals : RHP John Kovach
|
|
Batting: RHB Aaron Joseph
|
0-0: Fly out, F5 (Popup, 15, EV 86.9 MPH)
|
|
Batting: RHB Max Stillo
|
0-0: Ground out 1-3 (Groundball, 13S, EV 63.8 MPH)
|
|
Batting: RHB Brent Little
|
0-0: Called Strike 0-1: DOUBLE (Groundball, 5L, EV 94.4 MPH)
|
|
Batting: LHB Phil Lerner
|
0-0: Ball 1-0: Ball 2-0: Fly out, F8 (Flyball, 8RD, EV 88.1 MPH)
|
| Top of the 3rd over - 0 runs, 1 hit, 0 errors, 1 left on base; San Diego (APP) 8 - Washington (APP) 0 |
| BOTTOM OF THE 3RD |
|
Washington (APP) Nationals batting - Pitching for San Diego (APP) Padres : RHP Nick Goodlow
|
|
Batting: RHB Alex Blanco
|
0-0: Ball 1-0: Called Strike 1-1: Foul Ball, location: 2F 1-2: Ball 2-2: Fly out, F8 (Flyball, 89M, EV 95.6 MPH)
|
|
Batting: RHB John Savard
|
0-0: Called Strike 0-1: Foul Ball, location: 2F 0-2: Ball 1-2: Ball 2-2: Ground out 6-3 (Groundball, 56, EV 85.0 MPH)
|
|
Batting: RHB Nick Moreno
|
0-0: Swinging Strike 0-1: Ball 1-1: Ball 2-1: TRIPLE (Flyball, 78XD, EV 95.0 MPH)
|
|
Batting: LHB Nate Melendez
|
0-0: Swinging Strike 0-1: Swinging Strike 0-2: Ball Wild Pitch! Nick Moreno scores 1-2: Strikes out swinging
|
| Bottom of the 3rd over - 1 run, 1 hit, 0 errors, 0 left on base; San Diego (APP) 8 - Washington (APP) 1 |
| TOP OF THE 4TH |
|
San Diego (APP) Padres batting - Pitching for Washington (APP) Nationals : RHP John Kovach
|
|
Batting: RHB Ryan Tatum
|
0-0: Called Strike 0-1: Called Strike 0-2: Foul Ball, location: 2F 0-2: Ground out 5-3 (Groundball, 56S, EV 86.2 MPH)
|
|
Batting: LHB Carlos Cuellar
|
0-0: Fly out, F9 (Line Drive, 9, EV 103.1 MPH)
|
|
Batting: RHB Tom Tate
|
0-0: Called Strike 0-1: Ball 1-1: Ball 2-1: Foul Ball, location: 2F 2-2: Ball 3-2: Foul Ball, location: 2F 3-2: Foul Ball, location: 2F 3-2: Base on Balls
|
|
Batting: LHB Hugo MacBeth
|
0-0: Fly out, F9 (Flyball, 89M, EV 78.1 MPH)
|
| Top of the 4th over - 0 runs, 0 hits, 0 errors, 1 left on base; San Diego (APP) 8 - Washington (APP) 1 |
| BOTTOM OF THE 4TH |
|
Washington (APP) Nationals batting - Pitching for San Diego (APP) Padres : RHP Nick Goodlow
|
|
Batting: RHB Jon Buscher
|
0-0: Ball 1-0: Foul Ball, location: 2F 1-1: Called Strike 1-2: Ball 2-2: DOUBLE (Flyball, 8RXD, EV 86.2 MPH) - OUT at third base trying to stretch hit.
|
|
Batting: RHB Kevin Whitenack
|
0-0: Ground out U3 (Groundball, 13, EV 89.4 MPH)
|
|
Batting: RHB Gregg Huddleston
|
0-0: Called Strike 0-1: Ball 1-1: Foul Ball, location: 2F 1-2: Ground out 5-3 (Groundball, 56S, EV 71.2 MPH)
|
| Bottom of the 4th over - 0 runs, 1 hit, 0 errors, 0 left on base; San Diego (APP) 8 - Washington (APP) 1 |
| TOP OF THE 5TH |
|
San Diego (APP) Padres batting - Pitching for Washington (APP) Nationals : RHP John Kovach
|
|
Batting: RHB Antonio Lara
|
0-0: Ball 1-0: Ball 2-0: Ball 3-0: Base on Balls
|
|
Pitching: RHP Chris Lawrence
|
|
|
Batting: RHB Aaron Joseph
|
0-0: Ball 1-0: Called Strike 1-1: Foul Ball, location: 2F 1-2: Ground out U3 (Groundball, 3S, EV 75.6 MPH) Antonio Lara to second
|
|
Batting: RHB Max Stillo
|
0-0: Ball 1-0: Ball 2-0: Ball Passed Ball! Antonio Lara to third 3-0: Base on Balls
|
|
Batting: RHB Brent Little
|
0-0: Ball 1-0: Ball 2-0: Ball 3-0: Called Strike 3-1: Foul Ball, location: 2F 3-2: Foul Ball, location: 2F 3-2: Strikes out swinging Max Stillo steals 2nd base Batter strikes out.
|
|
Batting: LHB Phil Lerner
|
0-0: Swinging Strike 0-1: Swinging Strike 0-2: Foul Ball, location: 2F 0-2: Strikes out looking
|
| Top of the 5th over - 0 runs, 0 hits, 0 errors, 2 left on base; San Diego (APP) 8 - Washington (APP) 1 |
| BOTTOM OF THE 5TH |
|
Washington (APP) Nationals batting - Pitching for San Diego (APP) Padres : RHP Nick Goodlow
|
|
Batting: RHB Jesus Malave
|
0-0: SINGLE (Line Drive, 5L, EV 95.6 MPH)
|
|
Batting: RHB Derek Moran
|
0-0: Fielders Choice at 2nd, 3-6 (Groundball, 3, EV 90.6 MPH)
|
|
Batting: RHB Alex Blanco
|
0-0: Ball 1-0: Called Strike Derek Moran steals 2nd base 1-1: Swinging Strike 1-2: Ball 2-2: SINGLE (Line Drive, 56D, EV 101.9 MPH) Derek Moran to third Throwing error, E7 Derek Moran scores Alex Blanco to second
|
|
Batting: RHB John Savard
|
0-0: Ball 1-0: Ground out 6-3 (Groundball, 6, EV 101.9 MPH)
|
|
Batting: RHB Nick Moreno
|
0-0: Ball 1-0: Called Strike 1-1: Ball 2-1: Swinging Strike 2-2: Ball 3-2: Hit by Pitch
|
|
Batting: LHB Nate Melendez
|
0-0: Ball 1-0: Swinging Strike 1-1: Ground out 4-3 (Groundball, 34, EV 85.0 MPH)
|
| Bottom of the 5th over - 1 run, 2 hits, 1 error, 2 left on base; San Diego (APP) 8 - Washington (APP) 2 |
| TOP OF THE 6TH |
|
San Diego (APP) Padres batting - Pitching for Washington (APP) Nationals : RHP Chris Lawrence
|
|
Batting: RHB Ryan Tatum
|
0-0: Ball 1-0: Called Strike 1-1: SINGLE (Line Drive, 8LS, EV 87.5 MPH)
|
|
Pitching: LHP Mike Bigos
|
|
|
Batting: LHB Carlos Cuellar
|
0-0: Called Strike Ryan Tatum is caught stealing 2nd base 2-6 0-1: Swinging Strike 0-2: Foul Ball, location: 2F 0-2: Ball 1-2: Foul Ball, location: 2F 1-2: Strikes out swinging
|
|
Batting: RHB Tom Tate
|
0-0: Ground out 4-3 (Groundball, 4, EV 80.6 MPH)
|
| Top of the 6th over - 0 runs, 1 hit, 0 errors, 0 left on base; San Diego (APP) 8 - Washington (APP) 2 |
| BOTTOM OF THE 6TH |
|
Washington (APP) Nationals batting - Pitching for San Diego (APP) Padres : RHP Nick Goodlow
|
|
Batting: RHB Jon Buscher
|
0-0: Ball 1-0: Ball 2-0: Called Strike 2-1: Reached on error, E6 (Groundball, 6, EV 91.2 MPH)
|
|
Pitching: LHP Kenny Cohn
|
|
|
Batting: RHB Kevin Whitenack
|
0-0: Ball 1-0: Ball 2-0: Ball 3-0: Called Strike 3-1: Base on Balls
|
|
Batting: RHB Gregg Huddleston
|
0-0: Ball 1-0: Grounds into double play, 5-4-3 (Groundball, 5, EV 81.9 MPH) Jon Buscher to third
|
|
Batting: RHB Jesus Malave
|
0-0: Ball 1-0: Ground out 6-3 (Groundball, 6, EV 102.5 MPH)
|
| Bottom of the 6th over - 0 runs, 0 hits, 1 error, 1 left on base; San Diego (APP) 8 - Washington (APP) 2 |
| TOP OF THE 7TH |
|
San Diego (APP) Padres batting - Pitching for Washington (APP) Nationals : LHP Mike Bigos
|
|
Batting: LHB Hugo MacBeth
|
0-0: Ball 1-0: Ball 2-0: SINGLE (Groundball, 13, EV 88.8 MPH) (infield hit)
|
|
Batting: RHB Antonio Lara
|
0-0: Ball 1-0: Foul Ball, location: 2F 1-1: Ball 2-1: Called Strike 2-2: Ball 3-2: Foul Ball, location: 2F 3-2: Base on Balls Hugo MacBeth to second
|
|
Batting: RHB Aaron Joseph
|
0-0: Grounds into double play, 5-4-3 (Groundball, 5, EV 91.2 MPH) Hugo MacBeth to third
|
|
Batting: RHB Max Stillo
|
0-0: Foul Ball, location: 2F 0-1: Foul Ball, location: 2F 0-2: Ball 1-2: Ball 2-2: Ground out 1-3 (Groundball, 13S, EV 66.9 MPH)
|
| Top of the 7th over - 0 runs, 1 hit, 0 errors, 1 left on base; San Diego (APP) 8 - Washington (APP) 2 |
| BOTTOM OF THE 7TH |
|
Washington (APP) Nationals batting - Pitching for San Diego (APP) Padres : LHP Kenny Cohn
|
|
Batting: RHB Derek Moran
|
0-0: DOUBLE (Flyball, 8RD, EV 103.8 MPH)
|
|
Batting: RHB Alex Blanco
|
0-0: Ball 1-0: Called Strike 1-1: Ball 2-1: Called Strike 2-2: Fly out, F6 (Line Drive, 6, EV 65.0 MPH)
|
|
Batting: RHB John Savard
|
0-0: Called Strike 0-1: Swinging Strike 0-2: Ball 1-2: Foul Ball, location: 2F 1-2: Strikes out swinging
|
|
Batting: RHB Nick Moreno
|
0-0: Ground out 5-3 (Groundball, 56S, EV 87.5 MPH)
|
| Bottom of the 7th over - 0 runs, 1 hit, 0 errors, 1 left on base; San Diego (APP) 8 - Washington (APP) 2 |
| TOP OF THE 8TH |
|
San Diego (APP) Padres batting - Pitching for Washington (APP) Nationals : LHP Mike Bigos
|
|
Batting: RHB Brent Little
|
0-0: Ball 1-0: Foul Ball, location: 2F 1-1: Foul Ball, location: 2F 1-2: Ball 2-2: Foul Ball, location: 2F 2-2: Foul Ball, location: 2F 2-2: Foul Ball, location: 2F 2-2: SINGLE (Groundball, 34D, EV 98.8 MPH)
|
|
Pitching: RHP Halewijn Bos
|
|
|
Batting: LHB Phil Lerner
|
0-0: Ball 1-0: Called Strike 1-1: SINGLE (Groundball, 6D, EV 101.2 MPH) Brent Little to second
|
|
Batting: RHB Ryan Tatum
|
0-0: Ball 1-0: TRIPLE (Flyball, 78XD, EV 101.2 MPH) Brent Little scores Phil Lerner scores
|
|
Batting: LHB Carlos Cuellar
|
0-0: Foul Ball, location: 2F 0-1: Foul Ball, location: 2F 0-2: Ball 1-2: Ball 2-2: Fly out, F8 (Flyball, 89D, EV 106.9 MPH) Runner from 3rd tags up, SCORES, no throw by CF
|
|
Batting: RHB Tom Tate
|
0-0: Foul Ball, location: 2F 0-1: Ball 1-1: Called Strike 1-2: Ball 2-2: Fly out, F9 (Line Drive, 9, EV 100.0 MPH)
|
|
Batting: LHB Hugo MacBeth
|
0-0: Ball 1-0: Ball 2-0: Ground out 4-3 (Groundball, 4M, EV 94.4 MPH)
|
| Top of the 8th over - 3 runs, 3 hits, 0 errors, 0 left on base; San Diego (APP) 11 - Washington (APP) 2 |
| BOTTOM OF THE 8TH |
|
Washington (APP) Nationals batting - Pitching for San Diego (APP) Padres : LHP Kenny Cohn
|
|
Batting: LHB Nate Melendez
|
0-0: Fly out, F7 (Flyball, 7LM, EV 93.8 MPH)
|
|
Batting: RHB Jon Buscher
|
0-0: Ball 1-0: Ground out 6-3 (Groundball, 6, EV 100.6 MPH)
|
|
Batting: RHB Kevin Whitenack
|
0-0: Ball 1-0: Called Strike 1-1: Foul Ball, location: 2F 1-2: Fly out, F8 (Flyball, 8RXD, EV 100.0 MPH)
|
| Bottom of the 8th over - 0 runs, 0 hits, 0 errors, 0 left on base; San Diego (APP) 11 - Washington (APP) 2 |
| TOP OF THE 9TH |
|
San Diego (APP) Padres batting - Pitching for Washington (APP) Nationals : RHP Halewijn Bos
|
|
Pitching: RHP Brian Walker
|
|
|
Pinch Hitting: RHB Tyler West
|
0-0: Called Strike 0-1: Ball 1-1: Ground out 6-3 (Groundball, 6S, EV 71.2 MPH)
|
|
Pinch Hitting: RHB Stephon Hill
|
0-0: Foul Ball, location: 2F 0-1: Ball 1-1: Foul Ball, location: 2F 1-2: Strikes out swinging
|
|
Batting: RHB Max Stillo
|
0-0: Ball 1-0: Ball 2-0: Ball 3-0: Called Strike 3-1: Foul Ball, location: 2F 3-2: Strikes out looking
|
| Top of the 9th over - 0 runs, 0 hits, 0 errors, 0 left on base; San Diego (APP) 11 - Washington (APP) 2 |
| BOTTOM OF THE 9TH |
|
Washington (APP) Nationals batting - Pitching for San Diego (APP) Padres : LHP Kenny Cohn
|
|
Now at 1B: Conor Barron
|
|
|
Now at 2B: Tyler West
|
|
|
Batting: RHB Gregg Huddleston
|
0-0: Ball 1-0: Ball 2-0: Called Strike 2-1: Fly out, F9 (Flyball, 89M, EV 81.2 MPH)
|
|
Batting: RHB Jesus Malave
|
0-0: Ball 1-0: Foul Ball, location: 2F 1-1: Fly out, F8 (Line Drive, 8LD, EV 96.9 MPH)
|
|
Batting: RHB Derek Moran
|
0-0: Foul Ball, location: 2F 0-1: Ball 1-1: Foul Ball, location: 2F 1-2: Reached on error, E2 (Groundball, 2R, EV 66.9 MPH)
|
|
Batting: RHB Alex Blanco
|
0-0: Ball 1-0: Ball 2-0: Ball 3-0: Called Strike 3-1: Base on Balls Derek Moran to second
|
|
Batting: RHB John Savard
|
0-0: Called Strike 0-1: Called Strike 0-2: DOUBLE (Flyball, 89D, EV 98.8 MPH) Derek Moran scores Alex Blanco to third
|
|
Batting: RHB Nick Moreno
|
0-0: Called Strike 0-1: Fly out, F9 (Flyball, 9, EV 95.6 MPH)
|
| Bottom of the 9th over - 1 run, 1 hit, 1 error, 2 left on base; San Diego (APP) 11 - Washington (APP) 3 |
|